[Event "46th GRE-chT Premier 2018"]
[Site "Rio Achaia"]
[Date "2018.07.11"]
[Round "3"]
[White "Papaioannou, Ioannis"]
[Black "Theodorou, Nikolas"]
[Result "1/2-1/2"]
[ECO "C92"]
[WhiteElo "2647"]
[BlackElo "2513"]
[Annotator "ChessBase"]
[PlyCount "27"]
[EventDate "2018.07.10"]
[EventType "team-tourn"]
[EventCountry "GRE"]
[SourceTitle "playchess.com"]
[Source "ChessBase"]
[SourceQuality "1"]
[TimeControl "40/5400+30:1800+30"]

1. e4 e5 2. Nf3 Nc6 3. Bb5 a6 4. Ba4 Nf6 5. O-O Be7 6. Re1 b5 7. Bb3 O-O 8. c3 d6 9. h3 Bb7 10. d4 Re8 11. Ng5 Rf8 12. Nf3 Re8 13. Ng5 Rf8 14. Nf3 1/2-1/2

[Event "46th GRE-chT Premier 2018"]
[Site "Rio Achaia"]
[Date "2018.07.11"]
[Round "3"]
[White "Boruchovsky, Avital"]
[Black "Macieja, Bartlomiej"]
[Result "1/2-1/2"]
[ECO "B12"]
[WhiteElo "2558"]
[BlackElo "2525"]
[Annotator "RC"]
[PlyCount "195"]
[EventDate "2018.07.10"]
[EventType "team-tourn"]
[EventCountry "GRE"]
[SourceTitle "playchess.com"]
[Source "ChessBase"]
[SourceQuality "1"]
[TimeControl "40/5400+30:1800+30"]

1. e4 c6 2. d4 d5 3. e5 Bf5 4. Nf3 e6 5. Be2 Ne7 6. c3 Nd7 7. O-O c5 8. Nh4 Qb6 9. dxc5 Qxc5 10. Na3 a6 11. Be3 Qc7 12. c4 Be4 13. f3 Bg6 14. f4 Be4 15. Rc1 Nc6 16. Bf3 Bxf3 17. Nxf3 Bxa3 18. cxd5 Bxb2 19. dxc6 Bxc1 20. cxd7+ Qxd7 21. Qxd7+ Kxd7 22. Rd1+ Ke7 23. Bxc1 Rhd8 24. Ba3+ Ke8 25. Bd6 Rac8 26. Nd4 g6 27. Nf3 h6 28. Nd2 f5 29. Nb3 Kf7 30. Rd2 Rc4 31. Na5 Rc1+ 32. Kf2 b6 33. Nb3 Rc4 34. Nd4 Rdc8 35. h4 b5 36. a3 Rc1 37. Bb4 Rd8 38. Nxb5 Rxd2+ 39. Bxd2 Rc2 40. Nd6+ Ke7 41. Ke2 Ra2 42. Nc4 Kd7 43. a4 Ra1 44. a5 h5 45. Ne3 Kc6 46. g3 Ra2 47. Kd3 Ra1 48. Ke2 Ra2 49. Ke1 Ra3 50. Kf2 Ra2 51. Ke2 Ra3 52. Be1 Kc5 53. Nc2 Rb3 54. Ne3 Kd4 55. Nf1 Kd5 56. Nd2 Ra3 57. Nf3 Rb3 58. Ng5 Rb2+ 59. Kf3 Rb1 60. Ke2 Rb2+ 61. Kf1 Rb7 62. Bf2 Rb1+ 63. Be1 Rb7 64. Nf3 Rb1 65. Ng1 Ke4 66. Nh3 Kd5 67. Nf2 Rb3 68. Nd1 Ra3 69. Ke2 Ke4 70. Bd2 Rxg3 71. Be3 Kd5 72. Kf2 Rg4 73. Kf3 Rxh4 74. Nf2 Kc6 75. Kg3 Rg4+ 76. Nxg4 fxg4 77. Bb6 Kd5 78. Bd8 Ke4 79. Bg5 Kf5 80. Kg2 Ke4 81. Kf2 Kd3 82. Bh6 Ke4 83. Ke2 Kd4 84. Bg5 Ke4 85. Kf2 Kd3 86. Bd8 Ke4 87. Kg3 Kf5 88. Be7 Ke4 89. Bc5 Kf5 90. Be3 Ke4 91. Bd2 Kd3 92. Be1 Ke3 93. Bf2+ Ke4 94. Bb6 Kf5 95. Bg1 Ke4 96. Bh2 Ke3 97. Bg1+ Ke4 98. Bh2 {[%emt 0:00:06] Kxe5} 1/2-1/2

[Event "46th GRE-chT Premier 2018"]
[Site "Rio Achaia"]
[Date "2018.07.11"]
[Round "3"]
[White "Firman, Nazar"]
[Black "Firat, Burak"]
[Result "0-1"]
[ECO "C00"]
[WhiteElo "2512"]
[BlackElo "2452"]
[Annotator "ChessBase"]
[PlyCount "88"]
[EventDate "2018.07.10"]
[EventType "team-tourn"]
[EventCountry "GRE"]
[SourceTitle "playchess.com"]
[Source "ChessBase"]
[SourceQuality "1"]
[TimeControl "40/5400+30:1800+30"]

1. e4 e6 2. d3 d5 3. Nd2 Nf6 4. Ngf3 Nc6 5. c3 e5 6. Be2 Be7 7. b4 a6 8. Bb2 O-O 9. O-O b5 10. Re1 Re8 11. a4 Rb8 12. axb5 axb5 13. Bf1 Be6 14. Ra6 Qd7 15. Qa1 Bd6 16. Ng5 Bg4 17. h3 Bh5 18. exd5 Nxd5 19. Nge4 f5 20. Nxd6 cxd6 21. g3 Nc7 22. Ra3 d5 23. Bg2 e4 24. Re3 Ne6 25. dxe4 dxe4 26. Bc1 Ne5 27. Ra7 Qd8 28. c4 Nc6 29. g4 Nxa7 30. Qxa7 fxg4 31. Rxe4 Ra8 32. Qe3 Ra1 33. Nb3 Rb1 34. Rxe6 Rxe6 35. Qxe6+ Bf7 36. Qe4 Rxb3 37. Bg5 Qc8 38. c5 gxh3 39. Bf1 Qe8 40. Be7 Ra3 41. Qe5 Qa8 42. Kh2 Ra1 43. Bxh3 Qh1+ 44. Kg3 Ra3+ 0-1

[Event "46th GRE-chT Premier 2018"]
[Site "Rio Achaia"]
[Date "2018.07.11"]
[Round "3"]
[White "Kapnisis, Spyridon"]
[Black "Souleidis, Georgios"]
[Result "1-0"]
[ECO "A13"]
[WhiteElo "2456"]
[BlackElo "2415"]
[Annotator "ChessBase"]
[PlyCount "85"]
[EventDate "2018.07.10"]
[EventType "team-tourn"]
[EventCountry "GRE"]
[SourceTitle "playchess.com"]
[Source "ChessBase"]
[SourceQuality "1"]
[TimeControl "40/5400+30:1800+30"]

1. c4 e6 2. e4 d5 3. exd5 exd5 4. d4 Nf6 5. Nc3 Be7 6. Nf3 O-O 7. Be2 dxc4 8. Bxc4 Nbd7 9. O-O Nb6 10. Bb3 Bg4 11. h3 Bxf3 12. Qxf3 c6 13. Re1 Nbd5 14. Bg5 h6 15. Bh4 Nxc3 16. bxc3 Nd5 17. Bxe7 Nxe7 18. Re5 Rc8 19. Qe4 Rc7 20. Re1 Nd5 21. Bxd5 cxd5 22. Rxd5 Qc8 23. Qf4 Rxc3 24. Re7 Qc4 25. Rc5 Qd3 26. Rxb7 Rxc5 27. dxc5 Qd1+ 28. Kh2 Qd5 29. Qc7 Qxa2 30. c6 Qxf2 31. Rb8 Rxb8 32. Qxb8+ Kh7 33. Qb1+ g6 34. Qc1 Qf5 35. c7 Qc8 36. Qf4 Qe6 37. Qc1 Qc8 38. Qc4 Kg8 39. Qc5 Kh7 40. Kg1 h5 41. h4 a6 42. Qe7 Qf5 43. Qf8 1-0

[Event "46th GRE-chT Premier 2018"]
[Site "Rio Achaia"]
[Date "2018.07.11"]
[Round "3"]
[White "Warmerdam, Max"]
[Black "Lupulescu, Constantin"]
[Result "0-1"]
[ECO "B12"]
[WhiteElo "2424"]
[BlackElo "2617"]
[Annotator "RC"]
[PlyCount "56"]
[EventDate "2018.07.10"]
[EventType "team-tourn"]
[EventCountry "GRE"]
[SourceTitle "playchess.com"]
[Source "ChessBase"]
[SourceQuality "1"]
[TimeControl "40/5400+30:1800+30"]

1. e4 c6 2. d4 d5 3. e5 Bf5 4. h4 h5 5. Bd3 Bxd3 6. Qxd3 Qa5+ 7. Nd2 e6 8. Ne2 Ne7 9. Ng3 c5 10. O-O cxd4 11. Nb3 Qa6 12. Qd1 Nec6 13. Nxh5 Nd7 14. Bg5 Ndxe5 15. Re1 Qb6 16. a4 a5 17. c3 d3 18. Be3 Qd8 19. Bg5 Be7 20. f4 g6 21. Ng7+ Kf8 22. Nxe6+ fxe6 23. fxe5 Bxg5 24. Qf3+ Ke7 25. hxg5 Qb6+ 26. Nd4 Nxd4 27. cxd4 Qxd4+ 28. Qe3 Rh4 0-1

[Event "46th GRE-chT Premier 2018"]
[Site "Rio Achaia"]
[Date "2018.07.11"]
[Round "3"]
[White "Tsolakidou, Stavroula"]
[Black "Vozinaki, Anthi - Maria"]
[Result "1-0"]
[ECO "A31"]
[WhiteElo "2423"]
[BlackElo "1971"]
[Annotator "NA RC"]
[PlyCount "83"]
[EventDate "2018.07.10"]
[EventType "team-tourn"]
[EventCountry "GRE"]
[SourceTitle "playchess.com"]
[Source "ChessBase"]
[SourceQuality "1"]
[TimeControl "40/5400+30:1800+30"]

1. Nf3 Nf6 2. c4 c5 3. d4 cxd4 4. Nxd4 e5 5. Nb5 d5 6. cxd5 Bc5 7. N5c3 O-O 8. g3 Qb6 9. e3 Bg4 10. Be2 Bxe2 11. Qxe2 e4 12. a3 a6 13. Nd2 Re8 14. g4 Qd8 15. b4 Bf8 16. Bb2 Nxd5 17. Ncxe4 Nc6 18. Rd1 Qc7 19. O-O b5 20. Qf3 Ne5 21. Qh3 Qc8 22. Bxe5 Rxe5 23. Ng3 Re6 24. Nf3 Nb6 25. Nf5 Rf6 26. Ng5 h6 27. Ne4 Rg6 28. Qf3 Nc4 29. Qf4 Qe6 30. h4 Ne5 31. f3 h5 32. Ng5 Qe8 33. gxh5 Rc6 34. Qe4 g6 35. hxg6 fxg6 36. Qd5+ Kh8 37. Qxe5+ Qxe5 38. Nf7+ Kg8 39. Nxe5 Re6 40. Nxg6 Rxg6+ 41. Kf2 Rc8 42. e4 1-0

[Event "46th GRE-chT Premier 2018"]
[Site "Rio Achaia"]
[Date "2018.07.11"]
[Round "3"]
[White "Malikentzos, Sotirios"]
[Black "Alexiadis, Hristos"]
[Result "1/2-1/2"]
[ECO "A07"]
[WhiteElo "2420"]
[BlackElo "2244"]
[Annotator "NA"]
[PlyCount "73"]
[EventDate "2018.07.10"]
[EventType "team-tourn"]
[EventCountry "GRE"]
[SourceTitle "playchess.com"]
[Source "ChessBase"]
[SourceQuality "1"]
[TimeControl "40/5400+30:1800+30"]

1. Nf3 Nf6 2. g3 d5 3. Bg2 c6 4. O-O Bg4 5. h3 Bh5 6. c4 e6 7. d4 Nbd7 8. cxd5 cxd5 9. Nc3 Bd6 10. Qb3 Qb6 11. e4 Nxe4 12. Nxe4 dxe4 13. Ng5 Bg6 14. Nxe4 Bxe4 15. Bxe4 Rb8 16. Qa4 Qa6 17. Qc2 Nf6 18. d5 Nxe4 19. Qxe4 e5 20. Qg4 g6 21. Bh6 f5 22. Qg5 Kf7 23. Qd2 Rbc8 24. Be3 Rhe8 25. Rfc1 Qa4 26. b3 Qb5 27. a4 Rxc1+ 28. Rxc1 Qxb3 29. Bc5 Bxc5 30. Rxc5 Qb6 31. Rb5 Qc7 32. d6 Qc6 33. Qb4 b6 34. a5 Qc1+ 35. Kg2 Qc6+ 36. Kh2 Qc2 37. Kg2 1/2-1/2

[Event "46th GRE-chT Premier 2018"]
[Site "Rio Achaia"]
[Date "2018.07.11"]
[Round "3"]
[White "Dochev, Dimitar"]
[Black "Argiroudis, Stamatis"]
[Result "1/2-1/2"]
[ECO "C07"]
[WhiteElo "2399"]
[BlackElo "2306"]
[Annotator "NA"]
[PlyCount "69"]
[EventDate "2018.07.10"]
[EventType "team-tourn"]
[EventCountry "GRE"]
[SourceTitle "playchess.com"]
[Source "ChessBase"]
[SourceQuality "1"]
[TimeControl "40/5400+30:1800+30"]

1. e4 e6 2. d4 d5 3. Nd2 c5 4. Ngf3 cxd4 5. Nxd4 Nc6 6. Bb5 Bd7 7. Nxc6 Bxc6 8. Bxc6+ bxc6 9. c4 dxe4 10. Nxe4 Qxd1+ 11. Kxd1 Nf6 12. Nxf6+ gxf6 13. Be3 Rg8 14. g3 c5 15. Kc2 Kd7 16. Rad1+ Kc6 17. Rd3 Be7 18. Rhd1 Rgd8 19. Rxd8 Bxd8 20. Rd3 f5 21. Ra3 a6 22. Ra4 Bb6 23. a3 f6 24. b4 Ra7 25. Rxa6 Rxa6 26. b5+ Kb7 27. bxa6+ Kxa6 28. Kb3 Kb7 29. Bd2 Bc7 30. Kc2 Be5 31. Kd3 Kb6 32. Be3 Bd6 33. Bd2 Be5 34. Be3 Bd6 35. Bd2 1/2-1/2

[Event "46th GRE-chT Premier 2018"]
[Site "Rio Achaia"]
[Date "2018.07.11"]
[Round "3"]
[White "Maier, Christian"]
[Black "Sidiropoulos, Nikolaos"]
[Result "1/2-1/2"]
[ECO "A40"]
[WhiteElo "2378"]
[BlackElo "2112"]
[Annotator "NA"]
[PlyCount "96"]
[EventDate "2018.07.10"]
[EventType "team-tourn"]
[EventCountry "GRE"]
[SourceTitle "playchess.com"]
[Source "ChessBase"]
[SourceQuality "1"]
[TimeControl "40/5400+30:1800+30"]

1. d4 g6 2. Nf3 Bg7 3. Bf4 d6 4. Nc3 Nf6 5. Qd2 O-O 6. Bh6 c5 7. Bxg7 Kxg7 8. e3 cxd4 9. Nxd4 Nc6 10. Be2 e5 11. Nf3 Qe7 12. O-O Rd8 13. e4 Bg4 14. Nd5 Nxd5 15. exd5 Bxf3 16. Bxf3 Nb8 17. Rae1 f5 18. g4 Nd7 19. gxf5 gxf5 20. Kh1 h6 21. Rg1+ Kh7 22. Rg3 Rg8 23. Reg1 Rxg3 24. hxg3 e4 25. Be2 Qe5 26. c4 Re8 27. Kg2 f4 28. gxf4 Rg8+ 29. Kf1 Rxg1+ 30. Kxg1 Qf5 31. Qe3 Nf6 32. Qxa7 Qxf4 33. Qxb7+ Kg6 34. Qb3 Qd2 35. Qg3+ Kf5 36. Bf1 Qe1 37. Qe3 Qd1 38. Qg3 Qe1 39. Qxd6 Ng4 40. Qg3 h5 41. d6 h4 42. Qxh4 e3 43. Qh5+ Kf6 44. Qh4+ Kf5 45. Qh5+ Kf6 46. Qh4+ Kf5 47. Qh3 Kf6 48. Qh4+ Ke5 1/2-1/2

[Event "46th GRE-chT Premier 2018"]
[Site "Rio Achaia"]
[Date "2018.07.11"]
[Round "3"]
[White "Pavlidis, Anastasios"]
[Black "Panagiotakopoulos, Gerasimos"]
[Result "1/2-1/2"]
[ECO "D11"]
[WhiteElo "2362"]
[BlackElo "2165"]
[Annotator "NA"]
[PlyCount "139"]
[EventDate "2018.07.10"]
[EventType "team-tourn"]
[EventCountry "GRE"]
[SourceTitle "playchess.com"]
[Source "ChessBase"]
[SourceQuality "1"]
[TimeControl "40/5400+30:1800+30"]

1. d4 d5 2. Nf3 Nf6 3. c4 c6 4. e3 e6 5. Bd3 Nbd7 6. Nbd2 Bd6 7. O-O b6 8. e4 dxe4 9. Nxe4 Nxe4 10. Bxe4 Bb7 11. Re1 h6 12. d5 cxd5 13. Bxd5 Bxd5 14. cxd5 O-O 15. dxe6 Nf6 16. Qb3 Qc7 17. Bd2 Rad8 18. Bf4 fxe6 19. Qxe6+ Kh8 20. Rac1 Qb8 21. Ne5 Bxe5 22. Bxe5 Qa8 23. h3 Rde8 24. Qb3 Ne4 25. Bd4 Qd8 26. Rcd1 Qh4 27. Qc2 Nf6 28. Rxe8 Rxe8 29. g3 Qxh3 30. Bxf6 gxf6 31. Qg6 Qe6 32. Qxh6+ Kg8 33. Qg6+ Kf8 34. Qh7 Qe7 35. Qh8+ Kf7 36. Qh3 Qe4 37. Rd7+ Re7 38. Qh5+ Ke6 39. Rd1 Rh7 40. Qe8+ Kf5 41. Qxe4+ Kxe4 42. Kg2 Rc7 43. Re1+ Kf5 44. Re2 Rc4 45. Rd2 Ra4 46. a3 Rc4 47. Kf3 Rc5 48. Rd4 a5 49. g4+ Kg6 50. Rd2 Rb5 51. Kf4 Rb3 52. f3 b5 53. Ke4 a4 54. f4 b4 55. axb4 Rxb4+ 56. Rd4 Rxb2 57. Rxa4 Rg2 58. Kf3 Rg1 59. Ra7 Rf1+ 60. Kg3 Rg1+ 61. Kh3 Rh1+ 62. Kg3 Rg1+ 63. Kf3 Rf1+ 64. Ke4 Re1+ 65. Kd5 Rd1+ 66. Ke6 Re1+ 67. Kd6 f5 68. gxf5+ Kxf5 69. Rf7+ Kg6 70. Rf8 1/2-1/2

[Event "46th GRE-chT Premier 2018"]
[Site "Rio Achaia"]
[Date "2018.07.11"]
[Round "3"]
[White "Papakonstantinou, Dimitrios"]
[Black "Dimopoulos, Symeon"]
[Result "1/2-1/2"]
[ECO "C00"]
[WhiteElo "2336"]
[BlackElo "2020"]
[Annotator "ChessBase"]
[PlyCount "191"]
[EventDate "2018.07.10"]
[EventType "team-tourn"]
[EventCountry "GRE"]
[SourceTitle "playchess.com"]
[Source "ChessBase"]
[SourceQuality "1"]
[TimeControl "40/5400+30:1800+30"]

1. e4 e6 2. d3 d5 3. Nd2 g6 4. g3 Bg7 5. Bg2 Ne7 6. Ngf3 c5 7. h4 h6 8. O-O Nbc6 9. Re1 b6 10. Qe2 dxe4 11. dxe4 e5 12. c3 O-O 13. h5 g5 14. Nh2 Qc7 15. Ng4 Be6 16. Ne3 Rad8 17. Ndf1 f5 18. exf5 Nxf5 19. Nxf5 Bxf5 20. Be3 Kh8 21. Nd2 Nd4 22. cxd4 exd4 23. Bxg5 hxg5 24. Ne4 Rde8 25. Qd2 Bxe4 26. Bxe4 Bf6 27. Bg6 Rxe1+ 28. Rxe1 c4 29. Qb4 Qc5 30. Qa4 d3 31. Qd7 Bg7 32. Rf1 Qd4 33. Qxa7 d2 34. h6 Qxf2+ 35. Rxf2 d1=Q+ 36. Kg2 Rxf2+ 37. Kxf2 Bd4+ 38. Kg2 Qe2+ 39. Kh3 Qe6+ 40. Kh2 Qe2+ 41. Kh3 Qe6+ 42. Kh2 Qxg6 43. Qb8+ Kh7 44. Qc7+ Kxh6 45. Qxc4 Qe4 46. b3 Qe3 47. Kh3 Kg7 48. Qc7+ Kf6 49. Qd8+ Ke5 50. Kg4 Qe4+ 51. Kxg5 Be3+ 52. Kh5 Qf5+ 53. Kh4 Qh7+ 54. Kg4 Qg6+ 55. Kh4 Ke4 56. Qa8+ Kd3 57. Qd5+ Ke2 58. Kh3 Qd3 59. Qe5 Qd4 60. Qf5 Qd3 61. Qe5 Qh7+ 62. Kg4 Qg6+ 63. Kh3 Qh7+ 64. Kg4 Qg6+ 65. Kh3 Qg5 66. Qe4 Kd2 67. Kg2 Kc3 68. Kf3 Bc5 69. Qc4+ Kb2 70. Qe2+ Kb1 71. Qe6 Qe7 72. Qd5 Qd6 73. Qc4 Qc6+ 74. Kg4 b5 75. Qf7 Qe4+ 76. Kh5 Qe5+ 77. Kg4 Ba3 78. Qf2 b4 79. Kh4 Qb2 80. Qf1+ Kxa2 81. g4 Qh8+ 82. Kg5 Bb2 83. Qa6+ Kxb3 84. Qe6+ Kc3 85. Qe3+ Kc4 86. Qe6+ Kc5 87. Qe7+ Kb5 88. Qd7+ Kb6 89. Qd6+ Ka5 90. Qc5+ Ka4 91. Qc6+ Ka3 92. Qa6+ Kb3 93. Qe6+ Kc2 94. Qe4+ Kc3 95. Qe3+ Kc2 96. Qe4+ 1/2-1/2

[Event "46th GRE-chT Premier 2018"]
[Site "Rio Achaia"]
[Date "2018.07.11"]
[Round "3"]
[White "Hristodoulou, Panagiotis"]
[Black "Sigalas, Frangiskos"]
[Result "1/2-1/2"]
[ECO "C15"]
[WhiteElo "2329"]
[BlackElo "2213"]
[Annotator "NA"]
[PlyCount "60"]
[EventDate "2018.07.10"]
[EventType "team-tourn"]
[EventCountry "GRE"]
[SourceTitle "playchess.com"]
[Source "ChessBase"]
[SourceQuality "1"]
[TimeControl "40/5400+30:1800+30"]

1. e4 e6 2. d4 d5 3. Nc3 Bb4 4. exd5 exd5 5. Bd3 Nc6 6. Nge2 Nge7 7. O-O Bf5 8. Ng3 Bxd3 9. Qxd3 O-O 10. Nce2 Qd7 11. c3 Bd6 12. Bf4 Bxf4 13. Nxf4 Ng6 14. Qf3 Nxf4 15. Qxf4 Rae8 16. Rae1 Ne7 17. Nh5 f6 18. Qg3 Ng6 19. Nf4 Nxf4 20. Qxf4 c6 21. f3 Rf7 22. Kf2 Rfe7 23. g4 Re6 24. h3 Qe7 25. Rxe6 Qxe6 26. Qd2 Kf7 27. Re1 Qxe1+ 28. Qxe1 Rxe1 29. Kxe1 g5 30. Ke2 Ke6 1/2-1/2

[Event "46th GRE-chT Premier 2018"]
[Site "Rio Achaia"]
[Date "2018.07.11"]
[Round "3"]
[White "Kofidis, Andreas"]
[Black "Skembris, Spyridon"]
[Result "1-0"]
[ECO "B27"]
[WhiteElo "2321"]
[BlackElo "2393"]
[Annotator "NA"]
[PlyCount "77"]
[EventDate "2018.07.10"]
[EventType "team-tourn"]
[EventCountry "GRE"]
[SourceTitle "playchess.com"]
[Source "ChessBase"]
[SourceQuality "1"]
[TimeControl "40/5400+30:1800+30"]

1. e4 c5 2. Nf3 g6 3. d4 cxd4 4. Nxd4 Bg7 5. Nc3 Nc6 6. Nde2 Nf6 7. g3 b5 8. Bg2 Rb8 9. O-O O-O 10. Nd5 d6 11. h3 e6 12. Nxf6+ Bxf6 13. c3 Qe7 14. Be3 Bb7 15. Nd4 a6 16. Nxc6 Bxc6 17. e5 Bxg2 18. exf6 Qb7 19. Qg4 Bxf1 20. Rxf1 Qd5 21. Rd1 h5 22. Qf4 g5 23. Rxd5 gxf4 24. Rg5+ Kh7 25. Rg7+ Kh8 26. Bxf4 e5 27. Bh6 Rb7 28. Rg5 Rg8 29. Rxh5 Kh7 30. g4 b4 31. cxb4 Kg6 32. Rg5+ Kh7 33. Bg7 Rxb4 34. h4 Rxg7 35. Rxg7+ Kh6 36. g5+ Kh5 37. Rxf7 Kxh4 38. Rg7 Rf4 39. f7 1-0

[Event "46th GRE-chT Premier 2018"]
[Site "Rio Achaia"]
[Date "2018.07.11"]
[Round "3"]
[White "Bednarek, Sylwester"]
[Black "Prince, Bajaj"]
[Result "1-0"]
[ECO "A45"]
[WhiteElo "2307"]
[BlackElo "2404"]
[Annotator "NA"]
[PlyCount "89"]
[EventDate "2018.07.10"]
[EventType "team-tourn"]
[EventCountry "GRE"]
[SourceTitle "playchess.com"]
[Source "ChessBase"]
[SourceQuality "1"]
[TimeControl "40/5400+30:1800+30"]

1. d4 Nf6 2. Bg5 e6 3. Nd2 h6 4. Bh4 d5 5. e3 c5 6. c3 Be7 7. Bd3 b6 8. f4 O-O 9. Ngf3 Bb7 10. Bxf6 Bxf6 11. O-O Ba6 12. Bxa6 Nxa6 13. Ne5 Nb8 14. Qh5 Bxe5 15. fxe5 Nc6 16. h4 f5 17. exf6 Rxf6 18. Rxf6 Qxf6 19. Rf1 Qe7 20. Qg6 Rf8 21. Rxf8+ Kxf8 22. Nf3 Qe8 23. Qh7 Qf7 24. b4 c4 25. e4 b5 26. a4 bxa4 27. exd5 exd5 28. Qc2 Qe8 29. Qxa4 Qe3+ 30. Kf1 Ne7 31. Qd7 Kg8 32. Ne5 Qf4+ 33. Kg1 Qe3+ 34. Kh2 Qf4+ 35. Kh3 Nf5 36. Qe8+ Kh7 37. Qg6+ Kg8 38. g3 Qf1+ 39. Kg4 Ne3+ 40. Kh5 Qe2+ 41. g4 Ng2 42. Qe6+ Kh7 43. Qf5+ Kg8 44. Qc8+ Kh7 45. Ng6 1-0

[Event "46th GRE-chT Premier 2018"]
[Site "Rio Achaia"]
[Date "2018.07.11"]
[Round "3"]
[White "Trimitzios, Petros"]
[Black "Leniart, Arkadiusz"]
[Result "1/2-1/2"]
[ECO "D02"]
[WhiteElo "2300"]
[BlackElo "2489"]
[Annotator "ChessBase"]
[PlyCount "60"]
[EventDate "2018.07.10"]
[EventType "team-tourn"]
[EventCountry "GRE"]
[SourceTitle "playchess.com"]
[Source "ChessBase"]
[SourceQuality "1"]
[TimeControl "40/5400+30:1800+30"]

1. Nf3 d5 2. d4 Nf6 3. c4 e6 4. g3 Bb4+ 5. Bd2 Be7 6. Bg2 O-O 7. Qc2 Nbd7 8. O-O Ne4 9. Nc3 Nxd2 10. Nxd2 c6 11. e4 dxc4 12. Nxc4 Nb6 13. Nxb6 Qxb6 14. Rfd1 e5 15. d5 Rd8 16. dxc6 bxc6 17. Na4 Rxd1+ 18. Rxd1 Qc7 19. Rc1 Bd7 20. Nc5 Be8 21. Qc3 Rd8 22. b4 Rd4 23. a3 Qd6 24. Nb3 Rd1+ 25. Rxd1 Qxd1+ 26. Bf1 f6 27. Qd3 Qxd3 28. Bxd3 Kf8 29. Kf1 Bd7 30. Ke2 Ke8 1/2-1/2

[Event "46th GRE-chT Premier 2018"]
[Site "Rio Achaia"]
[Date "2018.07.11"]
[Round "3"]
[White "Dimitrov, Atanas"]
[Black "Tsagkaropoulos, Spyridon"]
[Result "1-0"]
[ECO "A45"]
[WhiteElo "2294"]
[BlackElo "2052"]
[Annotator "NA"]
[PlyCount "79"]
[EventDate "2018.07.10"]
[EventType "team-tourn"]
[EventCountry "GRE"]
[SourceTitle "playchess.com"]
[Source "ChessBase"]
[SourceQuality "1"]
[TimeControl "40/5400+30:1800+30"]

1. d4 Nf6 2. g3 e6 3. Bg2 d5 4. Nf3 Be7 5. c4 O-O 6. O-O c6 7. Nc3 Nbd7 8. b3 Re8 9. Qc2 b6 10. Rd1 Bb7 11. e4 dxe4 12. Nxe4 Nxe4 13. Qxe4 Bf6 14. Bf4 a5 15. Rac1 Qe7 16. Ne5 Bxe5 17. dxe5 Ra7 18. Qd4 Ba8 19. Qd6 Qxd6 20. Rxd6 Rc7 21. Rcd1 Nc5 22. Bg5 Rcc8 23. Bd8 b5 24. Bb6 Na6 25. Bxa5 bxc4 26. bxc4 f5 27. exf6 gxf6 28. Bb6 c5 29. Bd8 Bxg2 30. Kxg2 Nb4 31. Bxf6 Kf7 32. Be5 Nxa2 33. R1d3 Nb4 34. Rf3+ Kg8 35. Rd7 Nc6 36. Rg7+ Kh8 37. Bf6 h6 38. Rg6+ Kh7 39. Rg7+ Kh8 40. Rf4 1-0

[Event "46th GRE-chT Premier 2018"]
[Site "Rio Achaia"]
[Date "2018.07.11"]
[Round "3"]
[White "Spyropoulos, Nikolaos"]
[Black "Sotiropoulos, Anastasios-Theohar"]
[Result "1-0"]
[ECO "B12"]
[WhiteElo "2293"]
[BlackElo "1834"]
[Annotator "NA"]
[PlyCount "70"]
[EventDate "2018.07.10"]
[EventType "team-tourn"]
[EventCountry "GRE"]
[SourceTitle "playchess.com"]
[Source "ChessBase"]
[SourceQuality "1"]
[TimeControl "40/5400+30:1800+30"]

1. e4 c6 2. d4 d5 3. e5 Bf5 4. h4 h6 5. g4 Bd7 6. Nc3 c5 7. dxc5 e6 8. Be3 Qc7 9. f4 Bxc5 10. Bxc5 Qxc5 11. Qd2 Nc6 12. O-O-O O-O-O 13. Kb1 Nge7 14. Nf3 Kb8 15. h5 a6 16. Bd3 Nc8 17. Rhg1 b5 18. g5 Nb6 19. gxh6 gxh6 20. Rg7 Rdf8 21. f5 Be8 22. Ne2 Nd7 23. Nf4 Rfg8 24. Rxg8 Rxg8 25. fxe6 Ndxe5 26. Nxe5 Nxe5 27. Qe2 Nxd3 28. Nxd3 Qb6 29. Qe5+ Ka7 30. exf7 Bxf7 31. Rf1 Be8 32. Rf6 Qd8 33. Rd6 Rg1+ 34. Nc1 Qh4 35. Qe3+ {Qg5} Qd4 {Qh4 Qe3+} 1-0

[Event "46th GRE-chT Premier 2018"]
[Site "Rio Achaia"]
[Date "2018.07.11"]
[Round "3"]
[White "Giannoulakis, Lampros"]
[Black "Tomici, Stefan"]
[Result "1/2-1/2"]
[ECO "D35"]
[WhiteElo "2287"]
[BlackElo "2369"]
[Annotator "NA"]
[PlyCount "60"]
[EventDate "2018.07.10"]
[EventType "team-tourn"]
[EventCountry "GRE"]
[SourceTitle "playchess.com"]
[Source "ChessBase"]
[SourceQuality "1"]
[TimeControl "40/5400+30:1800+30"]

1. d4 d5 2. c4 e6 3. Nc3 Nf6 4. cxd5 exd5 5. Bg5 Be7 6. e3 O-O 7. Bd3 Nbd7 8. Nf3 h6 9. Bf4 c6 10. h3 Re8 11. Qc2 Bf8 12. g4 c5 13. O-O-O c4 14. Bf5 Nb6 15. Ne5 Bxf5 16. Qxf5 Qc8 17. Rdg1 Qe6 18. h4 Ne4 19. Qxe6 Rxe6 20. f3 Nxc3 21. bxc3 f6 22. Ng6 Ba3+ 23. Kc2 Kf7 24. h5 Na4 25. Rb1 b6 26. Rhe1 a6 27. e4 Rd8 28. Bg3 b5 29. Nf4 Ree8 30. Nxd5 Bd6 1/2-1/2

[Event "46th GRE-chT Premier 2018"]
[Site "Rio Achaia"]
[Date "2018.07.11"]
[Round "3"]
[White "Radeva, Viktoria"]
[Black "Markaki, Sofia"]
[Result "1-0"]
[ECO "B59"]
[WhiteElo "2274"]
[BlackElo "1694"]
[Annotator "ChessBase"]
[PlyCount "115"]
[EventDate "2018.07.10"]
[EventType "team-tourn"]
[EventCountry "GRE"]
[SourceTitle "playchess.com"]
[Source "ChessBase"]
[SourceQuality "1"]
[TimeControl "40/5400+30:1800+30"]

1. e4 c5 2. Nf3 d6 3. d4 cxd4 4. Nxd4 Nf6 5. Nc3 Nc6 6. Be2 e5 7. Nb3 Be7 8. O-O O-O 9. Be3 a5 10. f3 Be6 11. Nd5 Bxd5 12. exd5 Nb4 13. c4 b5 14. a3 bxc4 15. Bxc4 Na6 16. Qd3 Nb8 17. Bb5 Qc7 18. a4 Qb7 19. Rfd1 Rc8 20. Rac1 Rxc1 21. Bxc1 Bd8 22. Bg5 Bb6+ 23. Kh1 Nfd7 24. Be3 Bxe3 25. Qxe3 g6 26. Qc3 Qb6 27. Rc1 Nf6 28. Qd2 Kg7 29. Qd3 Ra7 30. Nd2 Rc7 31. Nc4 Qc5 32. Rd1 Qb4 33. Qc3 Qc5 34. Qd2 e4 35. fxe4 Nxe4 36. Qd4+ Qxd4 37. Rxd4 f5 38. h3 Ra7 39. Kg1 Kf6 40. Rd1 h6 41. Rc1 Kg5 42. Nb6 Rb7 43. Nc4 Rc7 44. Rd1 Ra7 45. Kf1 Kf4 46. Rd3 Re7 47. Rd4 Kg5 48. Nxa5 Ng3+ 49. Kf2 f4 50. Nc6 Nh1+ 51. Kf1 Ng3+ 52. Kg1 Nxc6 53. dxc6 Re1+ 54. Kf2 Rc1 55. Kf3 Nh5 56. a5 Re1 57. c7 Rc1 58. Bc4 1-0

[Event "46th GRE-chT Premier 2018"]
[Site "Rio Achaia"]
[Date "2018.07.11"]
[Round "3"]
[White "Poulopoulos, Ioannis"]
[Black "Loutragotis, Dimitrios"]
[Result "0-1"]
[ECO "A48"]
[WhiteElo "2268"]
[BlackElo "2173"]
[Annotator "NA"]
[PlyCount "104"]
[EventDate "2018.07.10"]
[EventType "team-tourn"]
[EventCountry "GRE"]
[SourceTitle "playchess.com"]
[Source "ChessBase"]
[SourceQuality "1"]
[TimeControl "40/5400+30:1800+30"]

1. d4 Nf6 2. Nf3 g6 3. Bg5 Bg7 4. Nbd2 O-O 5. c3 d6 6. e4 Nbd7 7. Bd3 h6 8. Bh4 Qe8 9. O-O e5 10. Re1 Nh5 11. dxe5 dxe5 12. Nc4 Nf4 13. Bf1 Nb6 14. Ne3 Be6 15. Qc2 f6 16. Nd2 Qf7 17. f3 Rfd8 18. Bf2 Bf8 19. b3 a5 20. a4 Nd7 21. Ndc4 Nc5 22. Rad1 Rxd1 23. Rxd1 c6 24. g3 Nh5 25. Nb6 Rb8 26. Nec4 Ng7 27. b4 axb4 28. cxb4 Na6 29. b5 Nb4 30. Qb2 Ne8 31. Be1 Bc5+ 32. Kh1 Qc7 33. Bxb4 Bxb6 34. Nxb6 Qxb6 35. a5 Qe3 36. Rd3 Qa7 37. b6 Qa6 38. Rd1 Bc4 39. Bh3 Qb5 40. Qc3 c5 41. Bxc5 Qxc5 42. Be6+ Kh8 43. Qxc4 Qxa5 44. Rd7 h5 45. Bg8 Ng7 46. Rxg7 Qe1+ 47. Kg2 Qd2+ 48. Kh3 Kxg7 49. Qf7+ Kh6 50. Qh7+ Kg5 51. Bf7 Qd7+ 52. g4 Kf4 0-1